[Event "Titled Tuesday Blitz December 27 Early 2022"]
[White "Abdilkhair, Abilmansur"]
[Black "Costachi, Mihnea"]
[WhiteFideId "13716417"]
[BlackFideId "1217518"]
[WhiteElo "2268"]
[BlackElo "2476"]
[Result "0-1"]
[Round "08"]
[TimeControl "180+2"]
[Date "2022.12.27"]
[WhiteClock "0:00:15"]
[BlackClock "0:00:32"]

1. e4 c5 2. Nc3 e6 3. g3 d5 4. Bg2 d4 5. Nce2 Nc6 6. d3 e5 7. f4 Bd6 8. Nf3 f6 9. O-O Nge7 10. Kh1 Be6 11. c3 b5 12. a4 a6 13. fxe5 Bxe5 14. Nxe5 fxe5 15. axb5 axb5 16. Rxa8 Qxa8 17. b4 dxc3 18. Nxc3 cxb4 19. Nxb5 Qb8 20. Qa4 Bd7 21. Qa6 Bc8 22. Qa4 Bd7 23. Qa6 Rf8 24. Rxf8+ Kxf8 25. Be3 b3 26. Bc1 Nb4 27. Qa4 Qxb5 28. Qxb3 Nxd3 29. Qxb5 Bxb5 30. Ba3 Kf7 31. Kg1 Ne1 32. Bh1 Nc2 33. Bb2 Nc6 34. Kf2 N6b4 35. Bc3 Nd3+ 36. Ke2 Nd4+ 37. Ke3 Nc6 38. Bg2 Nc5 39. Bh3 Ne6 40. Bg4 Ncd4 41. Bd1 Kf6 42. Ba5 g5 43. Be1 Nc5 44. h4 Bc6 45. Ba5 gxh4 46. gxh4 Nxe4 47. Bb6 Nf5+ 48. Kd3 Ned6 49. h5 e4+ 50. Kc3 Ke5 51. Bc7 Kf4 52. Kb4 Be8 53. Kc5 Kg5 54. Bxd6 Nxd6 55. Kxd6 Bxh5 56. Bc2 e3 57. Bd3 e2 0-1


[Site "https://www.chess.com"]

[Event "Titled Tuesday Blitz December 27 Early 2022"]
[White "Adel, Sara"]
[Black "Troltenier, Dirk"]
[WhiteFideId "10616764"]
[BlackFideId "4606400"]
[WhiteElo "1739"]
[BlackElo "2234"]
[Result "0-1"]
[Round "08"]
[TimeControl "180+2"]
[Date "2022.12.27"]
[WhiteClock "0:00:08"]
[BlackClock "0:00:14"]

1. e4 e5 2. Nf3 d6 3. Bc4 Be7 4. d4 exd4 5. O-O Nf6 6. c3 d3 7. Qb3 O-O 8. Ng5 Qe8 9. f4 Nc6 10. Bxd3 h6 11. Nf3 Rb8 12. e5 dxe5 13. fxe5 Bc5+ 14. Kh1 Nxe5 15. Nxe5 Qxe5 16. Bf4 Qe7 17. Nd2 Be6 18. Qc2 Bd6 19. Be3 Rbd8 20. Rae1 Bc5 21. Nf3 Bxe3 22. Rxe3 Qd6 23. h3 Nd5 24. Ree1 Nf4 25. Bh7+ Kh8 26. Rd1 Qc5 27. Qe4 Nd5 28. Ne5 Nf6 29. Rxf6 Rxd1+ 30. Kh2 gxf6 31. Ng4 Qd6+ 0-1


[Site "https://www.chess.com"]

[Event "Titled Tuesday Blitz December 27 Early 2022"]
[White "Aghasiyev, Kamal"]
[Black "Forgacs, Attila Jr."]
[WhiteFideId "13402854"]
[BlackFideId "773654"]
[WhiteElo "2441"]
[BlackElo "2264"]
[Result "1/2-1/2"]
[Round "08"]
[TimeControl "180+2"]
[Date "2022.12.27"]
[WhiteClock "0:00:46"]
[BlackClock "0:00:04"]

1. e4 e5 2. Nf3 Nc6 3. Bb5 a6 4. Ba4 Nf6 5. O-O Be7 6. Re1 b5 7. Bb3 O-O 8. a4 b4 9. d4 d6 10. h3 Nxd4 11. Nxd4 exd4 12. Qxd4 c5 13. Qd3 Bb7 14. c4 Re8 15. Bc2 Nd7 16. b3 Ne5 17. Qd1 Bf6 18. Ra2 Nc6 19. Nd2 Bc3 20. Re3 Nd4 21. Bb1 Qf6 22. Nf3 Nxf3+ 23. Rxf3 Qd4 24. Rd3 Qxe4 25. f3 Qe1+ 26. Kh2 Be5+ 27. f4 Qxd1 28. Rxd1 Bd4 29. Bb2 Bxb2 30. Rxb2 Rad8 31. Rbd2 Re6 32. f5 Rf6 33. g4 h6 34. h4 g5 35. Re1 Kf8 36. Kg3 d5 37. cxd5 Rxd5 38. Rxd5 Bxd5 39. Bc2 c4 40. bxc4 Bxc4 41. a5 b3 42. Be4 Rd6 43. Rc1 Bd3 44. Rc8+ Kg7 45. Bxd3 Rxd3+ 46. Kh2 gxh4 47. Rb8 Kf6 48. Rb6+ Kg5 49. Rxa6 Kxg4 50. Rb6 Rd2+ 51. Kg1 Kg3 52. Rxb3+ Kg4 53. Ra3 Rd7 54. a6 Ra7 55. Ra5 Kg5 56. Kg2 f6 57. Kh3 h5 58. Kh2 Kg4 59. Kg2 Kf4 60. Kh3 Kg5 61. Kh2 Kg4 62. Kg2 Kf4 63. Kh3 Kg5 1/2-1/2


[Site "https://www.chess.com"]

[Event "Titled Tuesday Blitz December 27 Early 2022"]
[White "Alex_Sahakyan2006"]
[Black "Movahed, Sina"]
[BlackFideId "42520835"]
[WhiteElo "2629"]
[BlackElo "2340"]
[Result "0-1"]
[Round "08"]
[TimeControl "180+2"]
[Date "2022.12.27"]
[WhiteClock "0:00:01"]
[BlackClock "0:00:17"]

1. d4 Nf6 2. Nf3 g6 3. Nc3 Bg7 4. e4 d6 5. Be2 O-O 6. O-O c5 7. dxc5 dxc5 8. Qxd8 Rxd8 9. Be3 b6 10. Rfd1 Rxd1+ 11. Rxd1 Nc6 12. Bb5 Bb7 13. e5 Ng4 14. Rd7 Na5 15. Rxe7 Nxe3 16. fxe3 a6 17. Bd3 Bxf3 18. gxf3 Nc6 19. Rb7 Nxe5 20. Be4 Rd8 21. Rxb6 Nc4 22. Rxa6 Nxe3 23. Ra8 Rxa8 24. Bxa8 Nxc2 25. Kf2 Nb4 26. Ke3 c4 27. Be4 f5 28. Bb1 Be5 29. f4 Bd6 30. a3 Nd3 31. Bxd3 cxd3 32. Nd5 Kf7 33. Kxd3 Ke6 34. Kd4 h6 35. h4 Bb8 36. b4 Ba7+ 37. Kc4 Bf2 38. b5 Bxh4 39. b6 Bf2 40. b7 Ba7 41. Nb4 Kd7 42. Kb5 Kc7 43. Ka6 Bb8 44. Nd5+ Kd6 45. Nf6 h5 46. Nh7 h4 47. Ng5 Kc6 48. Nh3 Kc5 49. a4 Kc6 50. a5 Kc5 51. Ng5 Kc6 0-1


[Site "https://www.chess.com"]

[Event "Titled Tuesday Blitz December 27 Early 2022"]
[White "Ambartsumova, Karina"]
[Black "Shubenkova, Veronika"]
[WhiteFideId "4166299"]
[BlackFideId "44124040"]
[WhiteElo "2393"]
[BlackElo "1960"]
[Result "1-0"]
[Round "08"]
[TimeControl "180+2"]
[Date "2022.12.27"]
[WhiteClock "0:00:11"]
[BlackClock "0:00:02"]

1. Nf3 d5 2. g3 Nf6 3. Bg2 g6 4. c4 c6 5. d4 Bg7 6. O-O O-O 7. b3 Nbd7 8. Bb2 Re8 9. Nc3 e6 10. Rc1 b6 11. Ne5 Nxe5 12. dxe5 Nd7 13. f4 Bb7 14. e4 dxc4 15. bxc4 Nc5 16. Qe2 Qc7 17. h4 Rad8 18. h5 Nd3 19. Rcd1 Nxb2 20. Qxb2 Ba6 21. Qe2 Qe7 22. Rc1 Qc5+ 23. Qf2 Bxc4 24. Qxc5 bxc5 25. Rf2 Bd3 26. Na4 c4 27. Bf1 Bxe4 28. Bxc4 Bf8 29. Bf1 Rd4 30. Nc5 Bxc5 31. Rxc5 Rd1 32. Kh2 Rb8 33. Bg2 Bd5 34. h6 Rbb1 35. Bxd5 exd5 36. Rxc6 Rh1+ 37. Kg2 Rbg1+ 38. Kf3 Rxh6 39. Rd2 Rh3 40. Rg2 Rf1+ 41. Kg4 Rhh1 42. Rc7 d4 43. Rxa7 Re1 44. Rd7 h5+ 45. Kg5 Kg7 46. Rxd4 Re3 47. Rd7 Rh3 48. a4 Rhxg3+ 49. Rxg3 Rxg3+ 50. Kh4 Rg4+ 51. Kh3 Rxf4 52. a5 Re4 53. Rd5 Ra4 54. Kg3 Kf8 55. Rd8+ Ke7 56. Ra8 Ke6 57. Re8+ Kd7 58. Rf8 Ke7 59. Ra8 g5 60. a6 Ra3+ 61. Kg2 Ke6 62. a7 Ke7 63. e6 Ra2+ 64. Kf1 Ra1+ 65. Ke2 Ra2+ 66. Kf1 Ra1+ 67. Ke2 Ra2+ 68. Ke3 Ra3+ 69. Kd4 Ra4+ 70. Kc3 Ra3+ 71. Kb2 Rxa7 72. Rxa7+ Kxe6 73. Kc2 h4 74. Kd2 h3 75. Ke2 h2 76. Ra6+ Ke5 77. Rh6 Kf4 78. Rxh2 Kg3 79. Rh7 f5 80. Kf1 f4 81. Rg7 g4 82. Kg1 f3 83. Kf1 Kh4 84. Kf2 Kh5 85. Kg3 f2 86. Kxf2 1-0


[Site "https://www.chess.com"]

[Event "Titled Tuesday Blitz December 27 Early 2022"]
[White "Andreev, Eduard"]
[Black "Ciuffoletti, Paolo"]
[WhiteFideId "14103400"]
[BlackFideId "807630"]
[WhiteElo "2413"]
[BlackElo "2106"]
[Result "1-0"]
[Round "08"]
[TimeControl "180+2"]
[Date "2022.12.27"]
[WhiteClock "0:00:18"]
[BlackClock "0:00:05"]

1. e4 c5 2. Nf3 Nc6 3. Bb5 e6 4. Bxc6 bxc6 5. O-O d6 6. c3 Ne7 7. d4 cxd4 8. cxd4 Ng6 9. Nc3 Be7 10. Re1 O-O 11. Be3 Qa5 12. a3 f5 13. b4 Qd8 14. Rc1 Bd7 15. Qb3 Kh8 16. d5 fxe4 17. dxc6 Bxc6 18. Nd4 Bd7 19. Nxe6 Bxe6 20. Qxe6 Bg5 21. Nxe4 Bxe3 22. Rxe3 d5 23. Nd6 d4 24. Rh3 Nf4 25. Nf7+ Rxf7 26. Qxf7 Qg5 27. Rc5 Nxh3+ 28. Kf1 Qf4 29. Qa2 Ng5 30. Qd5 Rf8 31. f3 Ne4 32. Rc2 Nd2+ 33. Ke2 Qe3+ 34. Kd1 Nb3 35. Re2 Qd3+ 36. Ke1 Qb1+ 37. Kf2 Nc1 38. Re7 Nd3+ 39. Kg3 1-0


[Site "https://www.chess.com"]

[Event "Titled Tuesday Blitz December 27 Early 2022"]
[White "Ankerst, Mihael"]
[Black "Williams, Simon K"]
[WhiteFideId "14602369"]
[BlackFideId "404454"]
[WhiteElo "2370"]
[BlackElo "2465"]
[Result "0-1"]
[Round "08"]
[TimeControl "180+2"]
[Date "2022.12.27"]
[WhiteClock "0:00:20"]
[BlackClock "0:00:14"]

1. e4 c5 2. Nf3 d6 3. d4 cxd4 4. Nxd4 Nf6 5. Nc3 g6 6. f4 Nbd7 7. Qe2 Qc7 8. Be3 Bg7 9. O-O-O O-O 10. f5 Nc5 11. Bg5 Qa5 12. g4 Bd7 13. Bd2 Rac8 14. g5 Nfxe4 15. Nxe4 Qxa2 16. Bc3 Na4 17. f6 exf6 18. Nxf6+ Bxf6 19. gxf6 Rxc3 20. Qe7 Qxb2+ 21. Kd2 Bf5 22. Rc1 Rc5 23. Nxf5 Qc3+ 24. Ke2 Rxf5 25. Qxd6 Re8+ 26. Qe7 Re5+ 27. Kf2 R5xe7 28. fxe7 Rxe7 29. Bd3 Qd2+ 30. Kf3 Re3+ 31. Kg4 Qg2+ 32. Kf4 Qf3+ 33. Kg5 Re5+ 34. Kh4 Rh5# 0-1


[Site "https://www.chess.com"]

[Event "Titled Tuesday Blitz December 27 Early 2022"]
[White "Antonio, Jorge Carlos"]
[Black "Dilmukhametov, Artur"]
[WhiteFideId "113190"]
[BlackFideId "24179922"]
[WhiteElo "2277"]
[BlackElo "2276"]
[Result "1/2-1/2"]
[Round "08"]
[TimeControl "180+2"]
[Date "2022.12.27"]
[WhiteClock "0:00:07"]
[BlackClock "0:00:01"]

1. d4 Nf6 2. Nf3 g6 3. c4 d6 4. Nc3 Bg7 5. e4 O-O 6. Be2 Nbd7 7. Be3 e5 8. O-O Ne8 9. d5 Nb6 10. c5 dxc5 11. Bxc5 Nd6 12. Nd2 Nd7 13. Be3 b6 14. f3 Nc5 15. b4 Na6 16. a3 f5 17. Rc1 f4 18. Bf2 g5 19. Nb5 Nxb5 20. Bxb5 Nb8 21. Qb3 Kh8 22. Bc6 Nxc6 23. Rxc6 Bb7 24. Rc2 Qd7 25. Rfc1 Rac8 26. b5 Rg8 27. a4 Bf6 28. g3 h5 29. Kg2 Rg7 30. Qd3 Rh7 31. Nf1 g4 32. Kh1 fxg3 33. Nxg3 h4 34. Nf5 g3 35. Be3 Bd8 36. Rg2 Bf6 37. Rcc2 Rg8 38. h3 Rh5 39. Qc4 Rh7 40. Qd3 Rc8 41. Qe2 Rg8 42. Qd3 1/2-1/2


[Site "https://www.chess.com"]

[Event "Titled Tuesday Blitz December 27 Early 2022"]
[White "Aravindh, Chithambaram VR."]
[Black "Grigoriants, Sergey"]
[WhiteFideId "5072786"]
[BlackFideId "4130804"]
[WhiteElo "2633"]
[BlackElo "2562"]
[Result "1/2-1/2"]
[Round "08"]
[TimeControl "180+2"]
[Date "2022.12.27"]
[WhiteClock "0:00:05"]
[BlackClock "0:00:05"]

1. b3 d5 2. Bb2 Bf5 3. Nf3 e6 4. d3 h6 5. Nbd2 Nf6 6. g3 Be7 7. Bg2 O-O 8. O-O Bh7 9. Qe1 a5 10. e4 a4 11. exd5 exd5 12. Nd4 a3 13. Bc1 c5 14. Nb5 Nc6 15. Nxa3 c4 16. Naxc4 dxc4 17. Nxc4 Re8 18. Bb2 Ba3 19. Qc1 Bxb2 20. Qxb2 Qc7 21. Rae1 Bf5 22. a4 Rad8 23. b4 Be6 24. b5 Nd4 25. Ne3 h5 26. b6 Qc8 27. c3 Nc6 28. d4 Bh3 29. Qb5 h4 30. Qg5 Bxg2 31. Nxg2 hxg3 32. fxg3 Rxe1 33. Rxe1 Re8 34. Rf1 Ne7 35. Rxf6 Qxc3 36. Rf1 Qxd4+ 37. Qe3 Qxa4 38. Re1 Kf8 39. Qc5 Qd7 40. Nf4 Kg8 41. Qe3 Kf8 42. Nh5 Nf5 43. Qxe8+ Qxe8 44. Rxe8+ Kxe8 45. g4 Ne3 46. h3 g6 47. Nf4 Nc4 48. Nd5 Kd7 49. h4 Ke6 50. Nf4+ Ke5 51. Nh3 Nxb6 52. Ng5 Kf6 53. Ne4+ Ke5 54. Nc5 Nd5 55. Nxb7 Kf4 56. h5 gxh5 57. gxh5 Kg5 58. Nd6 Kxh5 59. Nxf7 1/2-1/2


[Site "https://www.chess.com"]

[Event "Titled Tuesday Blitz December 27 Early 2022"]
[White "Bachmann, Axel"]
[Black "Tan, Zhongyi"]
[WhiteFideId "3700488"]
[BlackFideId "8603642"]
[WhiteElo "2604"]
[BlackElo "2517"]
[Result "0-1"]
[Round "08"]
[TimeControl "180+2"]
[Date "2022.12.27"]
[WhiteClock "0:00:05"]
[BlackClock "0:00:19"]

1. Nf3 d5 2. e3 Nf6 3. c4 e6 4. b3 Be7 5. Bb2 O-O 6. Nc3 b6 7. cxd5 Nxd5 8. Nxd5 Qxd5 9. Qc2 Qd8 10. Qe4 Qd5 11. Bd3 g6 12. h4 Nd7 13. h5 Nc5 14. Qxd5 exd5 15. Be2 Bf5 16. Rc1 Rac8 17. Nd4 Bd7 18. b4 Na4 19. Ba1 Bxb4 20. Nc6 Ba3 21. Rc2 Bf5 22. d3 a5 23. g4 Bd7 24. Ne5 Bb4+ 25. Kf1 Be6 26. Nc6 Rfe8 27. hxg6 fxg6 28. d4 b5 29. Bxb5 Nb6 30. Nxb4 axb4 31. Bxe8 Rxe8 32. Rxc7 Nd7 33. Rb7 Ra8 34. Kg2 Rxa2 35. Kg3 Ra4 36. Rc1 Kf8 37. Rc6 Ke7 38. Rcb6 Rxa1 39. Rxb4 Rg1+ 40. Kf3 Bxg4+ 41. Kf4 Be6 42. f3 g5# 0-1


[Site "https://www.chess.com"]

[Event "Titled Tuesday Blitz December 27 Early 2022"]
[White "Balakrishnan, Praveen"]
[Black "Kamsky, Gata"]
[WhiteFideId "2064871"]
[BlackFideId "2000024"]
[WhiteElo "2529"]
[BlackElo "2665"]
[Result "1-0"]
[Round "08"]
[TimeControl "180+2"]
[Date "2022.12.27"]
[WhiteClock "0:00:04"]
[BlackClock "0:00:01"]

1. e4 g6 2. d4 Bg7 3. Nc3 d6 4. f4 Nf6 5. Nf3 c5 6. Bb5+ Bd7 7. e5 Ng4 8. h3 cxd4 9. Qxd4 Nh6 10. g4 Bxb5 11. Nxb5 Nc6 12. Qe4 O-O 13. Bd2 Qb6 14. a4 a6 15. Be3 Qa5+ 16. Nc3 f5 17. exf6 Bxf6 18. Qd5+ e6 19. Qxa5 Nxa5 20. Nd1 Nf7 21. O-O Nc4 22. Bc1 b5 23. c3 d5 24. Ne3 Nfd6 25. Nxc4 bxc4 26. Be3 Rfb8 27. Rf2 Ne4 28. Re2 Rb7 29. Bd4 Rf8 30. Ne5 g5 31. fxg5 Bxg5 32. Kg2 Rfb8 33. Ra2 Bf4 34. Nf3 Kf7 35. Ne5+ Bxe5 36. Bxe5 Rg8 37. Kf3 Ke8 38. Ke3 h5 39. Rg2 hxg4 40. hxg4 Kf7 41. Ra1 Kg6 42. Rf1 Rf7 43. Rxf7 Kxf7 44. Kd4 Kg6 45. Rh2 Rf8 46. Rh3 Rf1 47. Ke3 Rd1 48. Rh2 Kg5 49. Bf4+ Kxg4 50. Rg2+ Kf5 51. Bh6 Rd3+ 52. Ke2 Ng3+ 53. Kf2 Ne4+ 54. Ke1 Nc5 55. Bc1 Nxa4 56. Rf2+ Ke4 57. Re2+ Kf5 58. Rf2+ Kg6 59. Re2 Nc5 60. Be3 Ne4 61. Rg2+ Kf5 62. Bd4 Rh3 63. Rg8 Rh1+ 64. Ke2 Rh2+ 65. Ke3 Rh3+ 66. Ke2 Rg3 67. Rf8+ Kg6 68. Ra8 Rg2+ 69. Kf3 Rxb2 70. Rxa6 Kf5 71. Ra8 Rb3 72. Rf8+ Kg6 73. Kf4 Nxc3 74. Rf6+ Kh7 75. Rxe6 Ne4 76. Re7+ Kg6 77. Rg7+ Kh6 78. Rg1 Rd3 79. Ke5 1-0


[Site "https://www.chess.com"]

[Event "Titled Tuesday Blitz December 27 Early 2022"]
[White "Barbashin, Igor"]
[Black "Berezin, Viktor"]
[WhiteFideId "4155718"]
[BlackFideId "14107872"]
[WhiteElo "2169"]
[BlackElo "2307"]
[Result "1-0"]
[Round "08"]
[TimeControl "180+2"]
[Date "2022.12.27"]
[WhiteClock "0:01:13"]
[BlackClock "0:00:03"]

1. d4 Nf6 2. c4 g6 3. Nf3 Bg7 4. Nc3 O-O 5. e4 d6 6. Be2 e5 7. O-O Na6 8. Re1 Re8 9. Bf1 exd4 10. Nxd4 Nc5 11. f3 a5 12. Be3 a4 13. Qd2 Bd7 14. b4 Ne6 15. a3 Nh5 16. Nxe6 Bxe6 17. Nd5 f5 18. Bd4 Be5 19. f4 Bxd4+ 20. Qxd4 fxe4 21. Rxe4 Bf5 22. Rxe8+ Qxe8 23. Nxc7 Qd8 24. Nxa8 Qxa8 25. Qxd6 Qe8 26. Qd4 Ng7 27. c5 h5 28. Rd1 Kh7 29. h3 Qe7 30. Qe5 Qh4 31. Bd3 Qd8 32. Bc2 Qf8 33. Bxf5 Nxf5 34. Rd7+ Kh6 35. g4 hxg4 36. hxg4 Nh4 37. Qg5# 1-0


[Site "https://www.chess.com"]

[Event "Titled Tuesday Blitz December 27 Early 2022"]
[White "Bashirli, Saadat"]
[Black "Osiecki, Stanislaw"]
[WhiteFideId "13429990"]
[BlackFideId "1102990"]
[WhiteElo "1571"]
[BlackElo "2055"]
[Result "1-0"]
[Round "08"]
[TimeControl "180+2"]
[Date "2022.12.27"]
[WhiteClock "0:00:44"]
[BlackClock "0:00:01"]

1. d4 Nf6 2. c4 g6 3. Nc3 Bg7 4. e4 d6 5. Bg5 h6 6. Be3 Ng4 7. Bf4 e5 8. dxe5 Nxe5 9. Be2 O-O 10. Qd2 Kh7 11. Nf3 Be6 12. Nxe5 dxe5 13. Qxd8 Rxd8 14. Be3 Nc6 15. O-O Nd4 16. Bxd4 exd4 17. Nd5 Bxd5 18. cxd5 d3 19. Bxd3 Bxb2 20. Rab1 Bd4 21. Rxb7 Bb6 22. a4 a5 23. Rb1 Rd6 24. Bb5 Rf8 25. Bc6 Kh8 26. e5 Rxc6 27. dxc6 Re8 28. R7xb6 cxb6 29. f4 Rb8 30. Kf2 Kg8 31. Ke3 Kf8 32. Kd4 Ke7 33. Rb2 Kd8 34. Kc4 Kc7 35. Kb5 Rd8 36. Re2 Rd5+ 37. Ka6 Kxc6 38. Rb2 Rd4 39. Rxb6+ Kc5 40. Rb5+ Kc6 41. Kxa5 Rxf4 42. Rb2 Rf5 43. Re2 f6 44. Ka6 Rxe5 45. Rf2 f5 46. a5 Re1 47. Rc2+ Kd7 48. Ka7 Ra1 49. a6 g5 50. Kb7 Rb1+ 51. Ka8 Ra1 52. a7 h5 53. Rf2 f4 54. Rd2+ Kc7 55. Rc2+ Kd7 56. Rc5 g4 57. Rxh5 1-0


[Site "https://www.chess.com"]

[Event "Titled Tuesday Blitz December 27 Early 2022"]
[White "Bazarov, Konstantin"]
[Black "Sargissyan, Sargis"]
[WhiteFideId "4137000"]
[BlackFideId "13303210"]
[WhiteElo "2235"]
[BlackElo "2234"]
[Result "1-0"]
[Round "08"]
[TimeControl "180+2"]
[Date "2022.12.27"]
[WhiteClock "0:00:54"]
[BlackClock "0:00:18"]

1. d4 Nf6 2. c4 g6 3. Nc3 d5 4. Bg5 Ne4 5. Bh4 Nxc3 6. bxc3 dxc4 7. e3 Be6 8. Nf3 Bg7 9. Qb1 b6 10. Be2 O-O 11. Nd2 Nd7 12. O-O c5 13. Nxc4 Rc8 14. Nd6 Rc6 15. Ne4 Bf5 16. g4 Bxe4 17. Qxe4 Re6 18. Qd5 cxd4 19. cxd4 Nf6 20. Qxd8 Rxd8 21. Rac1 Nd5 22. Bf3 Bf6 23. Bg3 Kg7 24. e4 Nb4 25. d5 Red6 26. e5 R6d7 27. exf6+ exf6 28. d6 Nd3 29. Rc7 Ne5 30. Bxe5 fxe5 31. Rxd7 Rxd7 32. Rd1 f5 33. Bc6 Rd8 34. gxf5 gxf5 35. d7 Kf7 36. f4 exf4 37. Kf2 Ke7 38. Kf3 Rg8 39. Kxf4 Kd8 40. Re1 1-0


[Site "https://www.chess.com"]

[Event "Titled Tuesday Blitz December 27 Early 2022"]
[White "Bettalli, Francesco"]
[Black "Lewtak, Damian"]
[WhiteFideId "2816453"]
[BlackFideId "1141724"]
[WhiteElo "2252"]
[BlackElo "2381"]
[Result "1-0"]
[Round "08"]
[TimeControl "180+2"]
[Date "2022.12.27"]
[WhiteClock "0:00:54"]
[BlackClock "0:00:05"]

1. d4 d5 2. Nc3 Nf6 3. Bg5 Bf5 4. f3 Nbd7 5. e4 dxe4 6. Bc4 h6 7. Bh4 g5 8. Bg3 e6 9. Qe2 e3 10. Bb3 Nb6 11. Qxe3 Bg7 12. Nge2 O-O 13. h4 Nfd5 14. Nxd5 exd5 15. hxg5 Re8 16. Qd2 Qxg5 17. Qxg5 hxg5 18. Kf2 c6 19. Rh5 f6 20. Rah1 Kf7 21. Nc3 Kg6 22. Nd1 Rh8 23. Rxh8 Bxh8 24. Ne3 Be6 25. c3 Bg7 26. Bc2+ Kf7 27. f4 gxf4 28. Bxf4 Rh8 29. Rxh8 Bxh8 30. Nf5 Nc8 31. Bb8 a6 32. Bc7 Bg7 33. Nxg7 Kxg7 34. Kf3 Kf7 35. g4 Ne7 36. Bd6 Nc8 37. Bg3 Nb6 38. b3 Nd7 39. Kf4 Ke7 40. Bh4 Kf7 41. Bd1 Nf8 42. Bg3 Ng6+ 43. Ke3 Bd7 44. Bd6 Ke6 45. Bc7 Kf7 46. Bd8 Nf8 47. g5 f5 48. Bf6 Kg6 49. Kf4 Nh7 50. Be7 Kf7 51. Bd8 Bc8 52. c4 Nf8 53. Bf6 Ke6 54. Bh5 Bd7 55. Be5 Bc8 56. g6 dxc4 57. g7 1-0


[Site "https://www.chess.com"]

[Event "Titled Tuesday Blitz December 27 Early 2022"]
[White "Bilych, Olexiy"]
[Black "Toropov, Pavel"]
[WhiteFideId "14156504"]
[BlackFideId "24129178"]
[WhiteElo "2441"]
[BlackElo "2336"]
[Result "1/2-1/2"]
[Round "08"]
[TimeControl "180+2"]
[Date "2022.12.27"]
[WhiteClock "0:00:12"]
[BlackClock "0:00:10"]

1. d4 d5 2. c4 c6 3. Nf3 Nf6 4. Nc3 dxc4 5. e3 b5 6. a4 b4 7. Na2 e6 8. Bxc4 a5 9. O-O Ba6 10. Bxa6 Nxa6 11. Qe2 Be7 12. e4 O-O 13. Bg5 h6 14. Bxf6 Bxf6 15. Rfd1 Qb6 16. Nc1 Rac8 17. Nb3 c5 18. dxc5 Nxc5 19. Nxc5 Rxc5 20. e5 Be7 21. Rd7 Re8 22. Rad1 Bf8 23. Qe4 Rc7 24. h4 Rec8 25. Qf4 Be7 26. Qe4 Rc2 27. R1d2 Rxd2 28. Nxd2 Bc5 29. Qf4 Rf8 30. Ne4 Qc6 31. Nf6+ Kh8 32. Qe4 Qxe4 33. Nxe4 Bb6 34. Kf1 Kg8 35. Ke2 Rd8 36. Rd6 Bc7 37. Rxd8+ Bxd8 38. Kd3 Bxh4 39. Kc4 Bd8 40. Kb5 h5 41. Nd6 g5 42. Ne4 Kg7 43. Kc6 Kg6 44. f3 h4 45. Nd6 Be7 46. Nc4 Kf5 47. Nxa5 g4 48. fxg4+ Kxg4 49. Kd7 Bf8 50. Ke8 Bc5 51. Nb3 Bb6 52. a5 Ba7 53. Kxf7 Kg3 54. Nd2 Kxg2 55. Kxe6 h3 56. Kd7 h2 57. e6 h1=Q 58. e7 Qh3+ 59. Kc7 Qg3+ 60. Kd7 Qd3+ 61. Kc7 Qc2+ 62. Kb7 Qxd2 63. e8=Q Be3 64. Qe4+ Kf2 65. Qf5+ Ke2 66. Qb5+ Ke1 67. b3 Qg2+ 68. Qc6 Qxc6+ 69. Kxc6 Kd2 70. Kb5 Kc3 71. Ka4 Bd4 72. a6 Be3 73. Kb5 Kxb3 74. Kc6 Kc3 75. Kd5 b3 76. a7 Bxa7 77. Ke4 b2 78. Kf5 b1=Q+ 79. Kg4 Qb5 80. Kf4 Kd3 81. Kg3 Qd5 82. Kg4 Qe4+ 83. Kg3 Kd4 84. Kf2 Ke5+ 85. Kf1 Kf4 1/2-1/2


[Site "https://www.chess.com"]

[Event "Titled Tuesday Blitz December 27 Early 2022"]
[White "Bintang, Rasyid A. Hidayat"]
[Black "Andreev, Konstantin"]
[WhiteFideId "7105355"]
[BlackFideId "24239305"]
[WhiteElo "1820"]
[BlackElo "2195"]
[Result "1/2-1/2"]
[Round "08"]
[TimeControl "180+2"]
[Date "2022.12.27"]
[WhiteClock "0:00:05"]
[BlackClock "0:00:11"]

1. d4 Nf6 2. Bf4 b6 3. e3 Bb7 4. Nd2 g6 5. h3 Bg7 6. Ngf3 O-O 7. Bd3 d6 8. O-O Nbd7 9. e4 Re8 10. e5 Nd5 11. Bh2 dxe5 12. Nxe5 c5 13. Nxd7 Qxd7 14. dxc5 bxc5 15. Nc4 e5 16. Na5 Nf4 17. Nxb7 Qxb7 18. Bxf4 exf4 19. Rb1 Rad8 20. Qg4 Qc7 21. b3 h5 22. Qf3 Bd4 23. Rfe1 Kg7 24. Re4 Rxe4 25. Qxe4 Kh6 26. Re1 Rd7 27. Bc4 Qd6 28. Qe8 Kg7 29. Qa8 Bc3 30. Rf1 Qd2 31. Qe4 Rd4 32. Qe5+ Kh7 33. Bxf7 f3 34. Qe6 Rd6 35. Qe8 fxg2 36. Qg8+ Kh6 37. Kxg2 Qf4 38. Qf8+ Bg7 39. Qe8 Be5 40. Qf8+ Kg5 41. Qe7+ Kf5 42. Re1 Qh2+ 43. Kf3 Qxh3+ 44. Ke2 Qg4+ 45. Kf1 Qh3+ 46. Ke2 Qg4+ 47. Kf1 Qh3+ 48. Ke2 1/2-1/2


[Site "https://www.chess.com"]

[Event "Titled Tuesday Blitz December 27 Early 2022"]
[White "Bluebaum, Matthias"]
[Black "Zierk, Steven"]
[WhiteFideId "24651516"]
[BlackFideId "2034255"]
[WhiteElo "2669"]
[BlackElo "2488"]
[Result "1-0"]
[Round "08"]
[TimeControl "180+2"]
[Date "2022.12.27"]
[WhiteClock "0:00:03"]
[BlackClock "0:00:02"]

1. d4 d5 2. c4 dxc4 3. e4 Nf6 4. e5 Nd5 5. Bxc4 Nc6 6. Nc3 Nb6 7. Bb5 e6 8. Nge2 Bd7 9. a3 Ne7 10. Bxd7+ Qxd7 11. O-O O-O-O 12. b4 f5 13. exf6 gxf6 14. Ne4 Ned5 15. Nc5 Qf7 16. Qb3 Rg8 17. a4 Bd6 18. a5 Nd7 19. a6 Bxh2+ 20. Kxh2 Qh5+ 21. Qh3 Qxe2 22. axb7+ Kb8 23. Nxe6 Qxf1 24. Qf3 N7b6 25. Bb2 Qb5 26. Nc5 Nxb4 27. Bc3 N4d5 28. Bd2 Nc4 29. Be1 Rd6 30. Rc1 Ncb6 31. Ra1 Nb4 32. Bxb4 Rd5 33. Be1 Qc6 34. Ra3 Rxc5 35. dxc5 Qxc5 36. Qxf6 1-0


[Site "https://www.chess.com"]

[Event "Titled Tuesday Blitz December 27 Early 2022"]
[White "Bok, Benjamin"]
[Black "Gorodetzky, David"]
[WhiteFideId "1017063"]
[BlackFideId "2813416"]
[WhiteElo "2607"]
[BlackElo "2485"]
[Result "1-0"]
[Round "08"]
[TimeControl "180+2"]
[Date "2022.12.27"]
[WhiteClock "0:00:05"]
[BlackClock "0:00:01"]

1. d4 Nf6 2. c4 c5 3. Nf3 cxd4 4. Nxd4 e5 5. Nb5 d5 6. cxd5 a6 7. N5c3 Bc5 8. g3 h5 9. h3 e4 10. Bg2 e3 11. Bxe3 Bxe3 12. fxe3 Qd6 13. Kf2 h4 14. gxh4 Nbd7 15. Qd4 Ne5 16. Nd2 Bf5 17. Nf3 Nfd7 18. Rac1 Kf8 19. Qf4 Bg6 20. Rhd1 Re8 21. Ng5 Nf6 22. a3 Nh5 23. Qb4 Qxb4 24. axb4 Nf6 25. d6 Rxh4 26. Bxb7 Rxb4 27. Bxa6 Rxb2 28. Nf3 Ned7 29. Bd3 Bh5 30. Rb1 Rxb1 31. Rxb1 Rd8 32. e4 Ne8 33. Rd1 Nxd6 34. e5 Ne8 35. Bf5 Ke7 36. Nd5+ Kf8 37. Nb6 Nxb6 38. Rxd8 Ke7 39. Rb8 Nc4 40. Rb7+ Kf8 41. Bd7 Bxf3 42. exf3 Nxe5 43. Bxe8 Kxe8 44. Kg3 Ng6 45. Rb8+ Ke7 46. h4 Kf6 47. Rb6+ Kf5 48. Rb5+ Kf6 49. f4 Ne7 50. Rb6+ Kf5 51. Rb7 Kf6 52. Kg4 g6 53. Ra7 Nf5 54. Ra6+ Kg7 55. h5 Ne3+ 56. Kg5 gxh5 57. Kxh5 Nf5 58. Kg5 Nh6 59. Rxh6 1-0


[Site "https://www.chess.com"]

[Event "Titled Tuesday Blitz December 27 Early 2022"]
[White "Borrmann, Laurenz"]
[Black "Jimenez, Joaquin"]
[WhiteFideId "312187930"]
[BlackFideId "109860"]
[WhiteElo "2304"]
[BlackElo "2195"]
[Result "1-0"]
[Round "08"]
[TimeControl "180+2"]
[Date "2022.12.27"]
[WhiteClock "0:01:07"]
[BlackClock "0:01:35"]

1. e4 e6 2. d4 d5 3. Nc3 Nf6 4. e5 Nfd7 5. f4 c5 6. Nf3 Nc6 7. Be3 Be7 8. Qd2 b6 9. Bb5 Bb7 10. h4 h5 11. O-O-O c4 12. f5 a6 13. Bxc6 Bxc6 14. fxe6 fxe6 15. Ng5 Nf8 16. Rhf1 Qd7 17. Nf7 Rg8 18. Qe2 g6 19. Bg5 Bxg5+ 20. hxg5 Qe7 21. Nd6+ Kd8 22. Qd2 Rg7 23. Rf6 Kc7 24. Rdf1 Be8 25. Rxf8 1-0


[Site "https://www.chess.com"]